[Event "Early-Titled-Tuesday-Blitz-January-16-2024"]
[Site "Chess.com"]
[Date "2024.01.16"]
[Round "5"]
[White "Seochesspie"]
[Black "HalfIsCrayfish"]
[Result "1-0"]
[WhiteElo "2808"]
[BlackElo "2625"]
[TimeControl "180+1"]
[EndTime "8:57:33 PST"]
[Termination "Seochesspie won by resignation"]

1. e4 c6 2. Nf3 d5 3. Nc3 dxe4 4. Nxe4 Nf6 5. Qe2 Nxe4 6. Qxe4 Nd7 7. Bc4 Nf6 8. Qf4 e6 9. O-O Bd6 10. Qh4 Nd5 11.
Qg4 O-O 12. d4 e5 13. Qh5 e4 14. Ne5 f6 15. Nxc6 bxc6 16. Bxd5+ cxd5 17. Qxd5+ Kh8 18. Qxa8 f5 19. Qc6 Qf6 20. g3 f4 21. Bxf4 Bxf4 22. Qxf6 Rxf6 23. gxf4 Bh3 24. Kh1 Bxf1 25. Rxf1 Rxf4 26.
Kg2 g5 27. Re1 Kg7 28. Re3 h5 29. Ra3 g4 30. Rxa7+ Kf6 31. Rh7 Kg5 32. d5 h4 33.
d6 Rf6 34. d7 Rd6 35. Kf1 Kf4 36. Ke2 h3 37. a4 Ke5 38. a5 e3 39. Kxe3 Ke6 40.
Rh6+ 1-0

[Event "Early-Titled-Tuesday-Blitz-January-16-2024"]
[Site "Chess.com"]
[Date "2024.01.16"]
[Round "5"]
[White "Malikova777"]
[Black "LimeInTheCoconut"]
[Result "0-1"]
[WhiteElo "2292"]
[BlackElo "2552"]
[TimeControl "180+1"]
[EndTime "8:57:33 PST"]
[Termination "LimeInTheCoconut won by resignation"]

1. d4 d5 2. c4 e6 3. Nc3 Bb4 4. cxd5 exd5 5. Qc2 Ne7 6. Nf3 Bf5 7. Qb3 Nbc6 8. Bf4 a5 9. e3 a4 10. Qd1 a3 11. Qd2 axb2 12. Qxb2 Ra3 13. Rc1 Qa8 14. Nd2 Qa5 15. Nb3 Rxa2 16. Nxa5 Rxb2 17. Nxc6 Nxc6 18. Be2 Rb1 19. Kd2 Rb2+ 20. Kd1 Bxc3 21. Rxc3 Kd7 22. g4 Be4 23. f3 Bg6 24. Re1 Ra8 25. Rc1 Raa2 26.
e4 dxe4 27. fxe4 Bxe4 28. Bc4 Bf3+ 29. Be2 Bxe2+ 30. Rxe2 Rxe2 0-1

[Event "Early-Titled-Tuesday-Blitz-January-16-2024"]
[Site "Chess.com"]
[Date "2024.01.16"]
[Round "5"]
[White "Mikayel99"]
[Black "laiciffOneslraCsungaM"]
[Result "1-0"]
[WhiteElo "2582"]
[BlackElo "2378"]
[TimeControl "180+1"]
[EndTime "8:57:35 PST"]
[Termination "Mikayel99 won by resignation"]

1. Nf3 Nf6 2. d4 e6 3. g3 c5 4. c3 Nc6 5. Bg2 d5 6. O-O Be7 7. Ne5 Nxe5 8. dxe5 Nd7 9. f4 O-O 10. e4 d4 11. Kh1 Qb6 12. Nd2 dxc3 13. bxc3 Rd8 14.
Qh5 Qa6 15. Nf3 g6 16. Qh6 Qe2 17. Bd2 Qxe4 18. Ng5 Bxg5 19. fxg5 Qxe5 20. Rxf7 Kxf7 21. Qxh7+ Ke8 22. Rf1 Qf5 23. Rxf5 gxf5 24. g6 Ne5 25. Qh8+ Ke7 26. Bg5+ Kd6 27. Qxd8+ 1-0

[Event "Early-Titled-Tuesday-Blitz-January-16-2024"]
[Site "Chess.com"]
[Date "2024.01.16"]
[Round "5"]
[White "N4700000"]
[Black "carloseduar100"]
[Result "0-1"]
[WhiteElo "2424"]
[BlackElo "2269"]
[TimeControl "180+1"]
[EndTime "8:57:36 PST"]
[Termination "carloseduar100 won by resignation"]

1. e4 e6 2. Nf3 d5 3. e5 c5 4. b4 cxb4 5. a3 d4 6. Bd3 Nc6 7. O-O Nge7 8. axb4 Ng6 9. b5 Ncxe5 10. Nxe5 Nxe5 11. Be4 Bd6 12. Ba3 O-O 13. d3 f5 14. Bf3 Nxf3+ 15. Qxf3 Bxa3 16. Nxa3 Rb8 17. Nc4 a6 18. Rfb1 axb5 19. Rxb5 Qc7 20. Rab1 Rf7 21. h3 b6 22. Rxb6 Rxb6 23. Rxb6 Bb7 24. Qd1 Bd5 25. Rb4 h6 26. Qb1 Qf4 27. Rb8+ Kh7 28. Nb6 Qxb8 0-1

[Event "Early-Titled-Tuesday-Blitz-January-16-2024"]
[Site "Chess.com"]
[Date "2024.01.16"]
[Round "5"]
[White "DarZay"]
[Black "tactic"]
[Result "0-1"]
[WhiteElo "2258"]
[BlackElo "2551"]
[TimeControl "180+1"]
[EndTime "8:57:37 PST"]
[Termination "tactic won by resignation"]

1. e4 d5 2. exd5 c6 3. d4 cxd5 4. Bd3 Nf6 5. c3 g6 6. Ne2 Bg7 7. Ng3 O-O 8. h3 Nc6 9. O-O Qc7 10. Na3 e5 11. dxe5 Nxe5 12. Bf4 Nfd7 13. Re1 Qb6 14. b3 Nxd3 15. Qxd3 Nc5 16. Qxd5 Be6 17. Qf3 Rfd8 18. Rad1 Qa5 19. Nc4 Qxa2 20. Ne4 Rxd1 21. Rxd1 Nxe4 22. Qxe4 Qxb3 23. Rb1 Qxc4 24. Qxc4 Bxc4 25. Rxb7 a5 26. Bd6 Bf8 0-1

[Event "Early-Titled-Tuesday-Blitz-January-16-2024"]
[Site "Chess.com"]
[Date "2024.01.16"]
[Round "5"]
[White "FranciscodelaF"]
[Black "Alex_Terzi"]
[Result "1-0"]
[WhiteElo "2275"]
[BlackElo "2408"]
[TimeControl "180+1"]
[EndTime "8:57:37 PST"]
[Termination "FranciscodelaF won on time"]

1. d4 d5 2. Nf3 Nf6 3. Bf4 e6 4. e3 Bd6 5. Ne5 Nbd7 6. c3 O-O 7. Bd3 h6 8. Nd2 c5 9. Nxf7 Rxf7 10. Bxd6 cxd4 11.
exd4 Nb6 12. Bg3 Re7 13. O-O Bd7 14. Re1 Bc6 15. Nf3 Nbd7 16. Bc2 Qb6 17. Rb1 Ree8 18. Ne5 Ne4 19. Bxe4 dxe4 20. Nxd7 Bxd7 21. Rxe4 Bc6 22. Rg4 Bd5 23. Be5 Re7 24. Qd2 Kh7 25. a3 Qc6 26. Re1 1-0

[Event "Early-Titled-Tuesday-Blitz-January-16-2024"]
[Site "Chess.com"]
[Date "2024.01.16"]
[Round "5"]
[White "Timerkhanov"]
[Black "inneremptiness"]
[Result "0-1"]
[WhiteElo "2662"]
[BlackElo "2878"]
[TimeControl "180+1"]
[EndTime "8:57:38 PST"]
[Termination "inneremptiness won by resignation"]

1. d4 d5 2. Nf3 Nf6 3. g3 e6 4. Bg2 Be7 5. O-O O-O 6. Nbd2 b5 7. a4 b4 8. a5 Nbd7 9. Re1 a6 10. e4 Bb7 11. e5 Ne8 12. c4 c5 13. cxd5 Bxd5 14.
Ne4 Rc8 15. h4 cxd4 16. Qxd4 Rc4 17. Qd3 Rxe4 18. Be3 Nxe5 19. Qxa6 Nc7 20. Qb6 Nc4 21. Qa7 Nxe3 22. Rxe3 Nb5 23. Qa6 Rxe3 24. fxe3 Qb8 25.
Kh2 Bd6 0-1

[Event "Early-Titled-Tuesday-Blitz-January-16-2024"]
[Site "Chess.com"]
[Date "2024.01.16"]
[Round "5"]
[White "Yushko_Olga"]
[Black "talaicito"]
[Result "1-0"]
[WhiteElo "2115"]
[BlackElo "2276"]
[TimeControl "180+1"]
[EndTime "8:57:38 PST"]
[Termination "Yushko_Olga won on time"]

1. d4 e6 2. c4 f5 3. g3 Nf6 4.
Bg2 Bb4+ 5. Bd2 a5 6. Nf3 Ne4 7. O-O O-O 8. Bxb4 axb4 9. Qb3 Qe7 10. Nbd2 Nxd2 11. Nxd2 Na6 12. e4 c5 13. exf5 Rxf5 14.
d5 d6 15. dxe6 Bxe6 16. Rae1 Qd7 17. Bxb7 Qxb7 18. Rxe6 d5 19. Qe3 d4 20. Re8+ Rxe8 21. Qxe8+ Rf8 22. Qe6+ Kh8 23. Ne4 Nc7 24. Qe7 Re8 25.
Nxc5 Rxe7 26. Nxb7 Re2 27. b3 Rxa2 28. Nc5 1-0

[Event "Early-Titled-Tuesday-Blitz-January-16-2024"]
[Site "Chess.com"]
[Date "2024.01.16"]
[Round "5"]
[White "Ural_bogatyr"]
[Black "Licancabur"]
[Result "0-1"]
[WhiteElo "2539"]
[BlackElo "2503"]
[TimeControl "180+1"]
[EndTime "8:57:39 PST"]
[Termination "Licancabur won by checkmate"]

1. d4 d5 2. Nc3 Nf6 3. Bf4 a6 4.
e3 e6 5. g4 Bd6 6. Qf3 b5 7. g5 Nfd7 8. O-O-O Bb7 9. h4 Qe7 10.
Bg2 Nc6 11. h5 Na5 12. e4 Nc4 13. exd5 Ba3 14. Na4 Bxd5 15. Qg3 bxa4 16. Bxd5 Bxb2+ 17. Kb1 Qb4 18. Bxc4 Bc3+ 19. Bb3 axb3 20. cxb3 a5 21.
Ne2 a4 22. Qxc3 Qb5 23. Qc4 Qb7 24. Nc3 axb3 25. axb3 O-O 26. Qb5 Nb6 27. h6 Rfb8 28. hxg7 Qf3 29. Bxc7 Qxc3 30. Qa4 Rxa4 31. bxa4 Nxa4+ 32. Bxb8 Qb2# 0-1

[Event "Early-Titled-Tuesday-Blitz-January-16-2024"]
[Site "Chess.com"]
[Date "2024.01.16"]
[Round "5"]
[White "ahkashefi2800"]
[Black "brm72"]
[Result "1-0"]
[WhiteElo "2565"]
[BlackElo "2693"]
[TimeControl "180+1"]
[EndTime "8:57:40 PST"]
[Termination "ahkashefi2800 won by checkmate"]

1. d4 Nf6 2. Nf3 e6 3. Bg5 c5 4. e3 Nc6 5. c3 b6 6. Nbd2 Bb7 7.
Bd3 h6 8. Bh4 Be7 9. O-O O-O 10. Qe2 d5 11. Rad1 Rc8 12. dxc5 bxc5 13.
e4 Re8 14. Rfe1 Nxe4 15. Nxe4 Bxh4 16. Nxc5 Ba8 17. Bb1 Bf6 18. Ne4 Be7 19. Ng3 g6 20. Bxg6 fxg6 21. Qxe6+ Kg7 22. Rxd5 Qb6 23. Rd7 Rc7 24.
Nh4 Rxd7 25. Qxg6+ Kf8 26. Qxh6+ Kf7 27. Qh7+ Kf8 28.
Ng6# 1-0

[Event "Early-Titled-Tuesday-Blitz-January-16-2024"]
[Site "Chess.com"]
[Date "2024.01.16"]
[Round "5"]
[White "dropstoneDP"]
[Black "I_am_Javi"]
[Result "0-1"]
[WhiteElo "3025"]
[BlackElo "2784"]
[TimeControl "180+1"]
[EndTime "8:57:41 PST"]
[Termination "I_am_Javi won by resignation"]

1. e4 e5 2. Nf3 Nc6 3. Bb5 f5 4. d3 fxe4 5. dxe4 Nf6 6. O-O d6 7. Nc3 Bg4 8. h3 Bh5 9. g4 Bg6 10. Nh4 Qd7 11. Bg5 Be7 12. Qd3 a6 13. Bxc6 bxc6 14. f4 exf4 15. Rxf4 Nh5 16. gxh5 Bxg5 17. Rg4 Bxh4 18. hxg6 Bf6 19. gxh7 Be5 20. Rf1 Rxh7 21. Ne2 Qe6 22. b3 O-O-O 23. Qxa6+ Kb8 24. Nf4 Bd4+ 25.
Kh2 Qxg4 26. Qxc6 Rxh3+ 27. Nxh3 Be5+ 0-1

[Event "Early-Titled-Tuesday-Blitz-January-16-2024"]
[Site "Chess.com"]
[Date "2024.01.16"]
[Round "5"]
[White "Trojan-Knight"]
[Black "XDPS"]
[Result "0-1"]
[WhiteElo "2681"]
[BlackElo "2906"]
[TimeControl "180+1"]
[EndTime "8:57:41 PST"]
[Termination "XDPS won by resignation"]

1. d4 d5 2. c4 c6 3. Nc3 Nf6 4. Nf3 e6 5. Bg5 Nbd7 6. e3 Qa5 7.
cxd5 Nxd5 8. Qd2 Bb4 9. Rc1 Nxc3 10. bxc3 Ba3 11. Rb1 b6 12. Bd3 Ba6 13. c4 Qxd2+ 14. Nxd2 e5 15. O-O Be7 16. Bxe7 Kxe7 17. Rfd1 Rhd8 18. f4 exd4 19. exd4 Nf6 20. Nf3 Kf8 21. Bf1 Ne4 22. Re1 Nd6 23. Ne5 Rac8 24. c5 Bxf1 25. Kxf1 Nb5 26. cxb6 axb6 27. a4 Nxd4 28. Rxb6 f6 29. Nc4 Rc7 30. Reb1 Ne6 31. Na5 Nxf4 32. Nxc6 Rd6 33. Rb8+ Kf7 34. Nd8+ Kg6 35. g3 Nd5 36. R8b7 Rxd8 37. Rxc7 Nxc7 38. Rb7 Nd5 39. a5 Ra8 40. Rb5 Ne3+ 41. Ke2 Nc4 0-1

[Event "Early-Titled-Tuesday-Blitz-January-16-2024"]
[Site "Chess.com"]
[Date "2024.01.16"]
[Round "5"]
[White "MatthewG-p4p"]
[Black "NowInChess"]
[Result "1-0"]
[WhiteElo "2912"]
[BlackElo "2306"]
[TimeControl "180+1"]
[EndTime "8:57:41 PST"]
[Termination "MatthewG-p4p won on time"]

1. e4 e6 2. d4 d5 3. e5 c5 4. c3 Nc6 5. Nf3 Qb6 6. a3 f6 7. Bd3 fxe5 8. Nxe5 Nf6 9. O-O Bd6 10. Nf3 O-O 11. b4 cxd4 12. cxd4 Bd7 13. Bb2 Rae8 14. Ne5 Qc7 15. Qe2 Be7 16. Nd2 Bd6 17. Rac1 Qb8 18.
Rfe1 Re7 19. h3 Be8 20. Ndf3 Bc7 21. Ng5 h6 22. Ngf3 Nxe5 23. Nxe5 Bxe5 24. dxe5 Ne4 25. Bd4 Ref7 26. Bxe4 dxe4 27. Bc5 Rxf2 28. Bxf2 Bc6 29. Bd4 Bd5 30. Rf1 Rd8 31. Qh5 Rd7 32. Bc5 1-0

[Event "Early-Titled-Tuesday-Blitz-January-16-2024"]
[Site "Chess.com"]
[Date "2024.01.16"]
[Round "5"]
[White "LuminaryHunter"]
[Black "FMCASTE"]
[Result "0-1"]
[WhiteElo "2217"]
[BlackElo "2464"]
[TimeControl "180+1"]
[EndTime "8:57:42 PST"]
[Termination "FMCASTE won on time"]

1. d4 Nf6 2. Nf3 g6 3. Bf4 Bg7 4. Nc3 d5 5. e3 O-O 6. Bd3 c5 7. dxc5 Qa5 8. O-O Qxc5 9. Nb5 Na6 10. c3 Bd7 11. Nfd4 Nh5 12. Rc1 e5 13. Nb3 Qb6 14. Bg5 Bxb5 15. Bxb5 Qxb5 16. Be7 Rfe8 17. Ba3 Rad8 18.
Qg4 b6 19. c4 dxc4 20. Rxc4 Nf6 21. Qe2 h5 22. Rfc1 Nd5 23. Qf3 Qd7 24. h3 b5 25.
Rc6 Nb8 26. R6c5 e4 27. Qd1 b4 28. Bxb4 Nxb4 29. Qxd7 Nxd7 0-1

[Event "Early-Titled-Tuesday-Blitz-January-16-2024"]
[Site "Chess.com"]
[Date "2024.01.16"]
[Round "5"]
[White "Soledadense88"]
[Black "Darkbluelord"]
[Result "1-0"]
[WhiteElo "2409"]
[BlackElo "2185"]
[TimeControl "180+1"]
[EndTime "8:57:46 PST"]
[Termination "Soledadense88 won by resignation"]

1. d4 c5 2. d5 d6 3. c4 b5 4. cxb5 a6 5. e3 Nf6 6. Nf3 g6 7. Nc3 Bg7 8. a4 O-O 9. Ra3 axb5 10. Bxb5 Na6 11. O-O Nb4 12. Qe2 Bb7 13. Rd1 Nfxd5 14.
Nxd5 Nxd5 15. e4 Nb4 16. e5 Qc7 17. e6 Bxf3 18. Qxf3 fxe6 19. Qe4 e5 20. Bc4+ Kh8 21. Rh3 Rf5 22. Qxa8+ Rf8 23. Qe4 Rf5 24. g4 Rf6 25. Bg5 d5 26. Bxd5 Rd6 27. Bb3 Rxd1+ 28. Bxd1 Qd8 29.
Bf3 Qe8 30. Qa8 Qxa8 31. Bxa8 Nc2 32. a5 Nb4 33. Rb3 e4 34. Be3 Na6 35. Bb7 Nc7 36.
Bxc5 Be5 37. Bb6 Ne6 38. a6 Nf4 39. a7 Ne2+ 40. Kf1 Nc1 41. a8=Q+ Kg7 42. Rc3 Nd3 43. Qc8 1-0

[Event "Early-Titled-Tuesday-Blitz-January-16-2024"]
[Site "Chess.com"]
[Date "2024.01.16"]
[Round "5"]
[White "Zheenbekov86"]
[Black "BardArtem"]
[Result "0-1"]
[WhiteElo "2480"]
[BlackElo "2798"]
[TimeControl "180+1"]
[EndTime "8:57:49 PST"]
[Termination "BardArtem won on time"]

1. d4 g6 2. Nf3 Bg7 3. g3 b6 4.
Bg2 Bb7 5. O-O Nf6 6. c4 e6 7. Nc3 O-O 8. Bg5 h6 9. Bf4 Ne4 10. Nxe4 Bxe4 11. Qc1 g5 12. Bd2 Nc6 13. e3 d5 14. h4 g4 15. Ne1 Bxg2 16. Nxg2 Ne7 17. Nf4 c5 18. dxc5 bxc5 19. Bc3 d4 20. exd4 cxd4 21.
Rd1 dxc3 22. bxc3 Qa5 23. Rd3 Rfd8 24. Rxd8+ Rxd8 25. Ne2 Qe5 26. Qc2 Nf5 27. Rb1 Qd6 28. Nf4 Qd2 29. Qa4 Bxc3 30. Nh5 Bd4 31. Rf1 Qd3 32.
c5 Nxg3 0-1

[Event "Early-Titled-Tuesday-Blitz-January-16-2024"]
[Site "Chess.com"]
[Date "2024.01.16"]
[Round "5"]
[White "dasatcu90"]
[Black "Kostya0705"]
[Result "0-1"]
[WhiteElo "2308"]
[BlackElo "2560"]
[TimeControl "180+1"]
[EndTime "8:57:51 PST"]
[Termination "Kostya0705 won on time"]

1. d4 Nf6 2. Nf3 d5 3. e3 c5 4.
c4 e6 5. a3 b6 6. dxc5 Bxc5 7.
b4 Be7 8. Bb2 O-O 9. cxd5 Nxd5 10. Bd3 Bb7 11. O-O Nd7 12. Nbd2 N7f6 13. Nc4 Rc8 14.
Nce5 Qc7 15. Rc1 Qb8 16. Qe2 Rfd8 17. Ng5 Rf8 18. Rxc8 Qxc8 19. Rc1 Qa8 20. f3 h6 21.
Ne4 Rd8 22. Nxf6+ Bxf6 23. Be4 Bg5 24. Bxd5 Bxd5 25. Rc7 Qb8 26. Rxf7 Bf6 27. Nd7 Qd6 28. Rxf6 gxf6 29. Nxf6+ Kf7 30. Qc2 e5 0-1

[Event "Early-Titled-Tuesday-Blitz-January-16-2024"]
[Site "Chess.com"]
[Date "2024.01.16"]
[Round "5"]
[White "KononenkoD"]
[Black "finec2"]
[Result "1-0"]
[WhiteElo "2538"]
[BlackElo "2321"]
[TimeControl "180+1"]
[EndTime "8:57:52 PST"]
[Termination "KononenkoD won on time"]

1. e4 c5 2. Nf3 e6 3. d4 cxd4 4.
Nxd4 Nc6 5. Nc3 Qc7 6. Bc4 a6 7. Bb3 b5 8. O-O Bb7 9. a3 Nf6 10. Be3 Be7 11. Kh1 Na5 12. f4 Nxb3 13. Nxb3 Nxe4 14.
Nxe4 Bxe4 15. Qd4 Qb7 16. Rf2 O-O 17. Rd1 d5 18. c3 Rfc8 19. Qd2 a5 20. f5 Bxf5 21.
Nd4 Bg6 22. Nf3 b4 23. axb4 axb4 24. Bd4 Bc5 25. Ne5 Bxd4 26. Qxd4 bxc3 27. bxc3 Qa7 28. Qd2 Rc7 29. Rf3 Rac8 30. Rdf1 Qa5 31. h3 Rxc3 32. Nxg6 Rxf3 33. Ne7+ Kf8 34. Qxa5 Rxf1+ 35. Kh2 Kxe7 36.
Qb4+ Kf6 37. Qb2+ e5 38. Qb7 Rb8 39. Qxb8 1-0

[Event "Early-Titled-Tuesday-Blitz-January-16-2024"]
[Site "Chess.com"]
[Date "2024.01.16"]
[Round "5"]
[White "The_Straightforward_Rook"]
[Black "Reynold9402"]
[Result "1-0"]
[WhiteElo "2472"]
[BlackElo "2270"]
[TimeControl "180+1"]
[EndTime "8:57:52 PST"]
[Termination "The_Straightforward_Rook won on time"]

1. e4 c5 2. c3 e6 3. d4 d5 4. e5 Nc6 5. Nf3 Bd7 6. Be2 Qb6 7. O-O cxd4 8. cxd4 Nge7 9. Na3 Nf5 10. Nc2 Be7 11. Be3 Rc8 12. a3 Na5 13. Bd3 Bb5 14. b4 Bxd3 15.
Qxd3 Nc4 16. g4 Nfxe3 17. Nxe3 Nxe3 18. fxe3 O-O 19. Rac1 Rc6 20. Nd2 Rfc8 21. Nb3 Rc4 22. Nc5 Qb5 23. Rxc4 dxc4 24. Qe4 b6 25. Qb7 Qe8 26.
Ne4 c3 27. Rc1 c2 28. Qa6 Qc6 29. Qd3 Rc7 30. Kf2 a5 31. bxa5 bxa5 32. Nc5 Bxc5 33. Rxc2 1-0

[Event "Early-Titled-Tuesday-Blitz-January-16-2024"]
[Site "Chess.com"]
[Date "2024.01.16"]
[Round "5"]
[White "crazy_but_lazy"]
[Black "Bkmzzzzz"]
[Result "1-0"]
[WhiteElo "2592"]
[BlackElo "2398"]
[TimeControl "180+1"]
[EndTime "8:57:53 PST"]
[Termination "crazy_but_lazy won by resignation"]

1. e4 d6 2. d4 Nf6 3. Nc3 e5 4.
Nge2 Be7 5. h3 c6 6. g4 b5 7. a3 a5 8. Bg2 O-O 9. O-O Bb7 10. Ng3 Re8 11. g5 Nfd7 12. h4 b4 13. axb4 axb4 14. Rxa8 Bxa8 15. Nce2 d5 16. exd5 cxd5 17.
dxe5 Nxe5 18. Nd4 Bc5 19. Ngf5 Nbc6 20. Be3 Nxd4 21. Bxd4 Qb6 22. c3 bxc3 23. bxc3 Bxd4 24. Qxd4 Qxd4 25. cxd4 Nc4 26. Ra1 g6 27. Nh6+ Kg7 28.
Ng4 Rd8 29. Ra7 Nd6 30. Ne5 Rf8 31. Bh3 Nb5 32. Ra4 Nc3 33. Rb4 Ne4 34. f3 Nd6 35. Kf2 Rc8 36. Bxc8 Nxc8 37. Rb8 1-0

[Event "Early-Titled-Tuesday-Blitz-January-16-2024"]
[Site "Chess.com"]
[Date "2024.01.16"]
[Round "5"]
[White "Russian_berezka"]
[Black "Andrey_Klymchuk"]
[Result "0-1"]
[WhiteElo "2554"]
[BlackElo "2806"]
[TimeControl "180+1"]
[EndTime "8:57:55 PST"]
[Termination "Andrey_Klymchuk won on time"]

1. d4 Nf6 2. Bf4 e6 3. e3 b6 4. Nd2 Bb7 5. Ngf3 Nh5 6. Bg3 d6 7. Bd3 Nd7 8. e4 a6 9. Qe2 c5 10. c3 Be7 11. O-O O-O 12. a4 Re8 13. Nc4 Qc7 14. b4 Nxg3 15. hxg3 b5 16. Na5 c4 17. Bc2 e5 18. d5 h5 19. Nh4 g6 20. axb5 axb5 21. Nxb7 Qxb7 22. Qd2 Rxa1 23. Rxa1 Ra8 24. Qc1 Ra7 25. Qb2 Qa8 26. Rxa7 Qxa7 27. Nf3 Nf6 28. Bb1 Bf8 29. Kf1 Bh6 30. Ne1 Ng4 31. Qa2 Qb6 32. Qe2 Qa7 33. Qa2 Qxa2 34. Bxa2 Bd2 35. Nc2 Bxc3 36. Na3 Bxb4 37. Nxb5 c3 38. Bb3 Bc5 39. f3 c2 40. Bxc2 Ne3+ 41. Ke2 Nxc2 42. Kd3 Ne1+ 43.
Kc4 Nxg2 0-1

[Event "Early-Titled-Tuesday-Blitz-January-16-2024"]
[Site "Chess.com"]
[Date "2024.01.16"]
[Round "5"]
[White "gabduschew"]
[Black "RodokininEV"]
[Result "0-1"]
[WhiteElo "2443"]
[BlackElo "2618"]
[TimeControl "180+1"]
[EndTime "8:57:55 PST"]
[Termination "RodokininEV won on time"]

1. b3 d5 2. Bb2 a5 3. a4 Nc6 4. e3 e5 5. Bb5 Bd6 6. f4 f6 7. Nh3 Ne7 8. fxe5 fxe5 9. O-O Nf5 10. Nc3 O-O 11. Nxd5 Be6 12. Nc3 Qh4 13. Nf2 e4 14. h3 Qg3 15. Ng4 Nxe3 16. dxe3 Bxg4 17. Qd5+ Kh8 18.
Rf7 Qh2+ 19. Kf2 Rxf7+ 20. Qxf7 Rf8 21. Qxf8+ Bxf8 22. hxg4 Ne5 23. Be2 Bc5 24. Nd5 Nxg4+ 25. Bxg4 Qh4+ 26. Kg1 Qxg4 27. Re1 Qc8 28. Nf4 Qg4 29.
Nh3 h6 30. Bc1 Bd6 0-1

[Event "Early-Titled-Tuesday-Blitz-January-16-2024"]
[Site "Chess.com"]
[Date "2024.01.16"]
[Round "5"]
[White "cycygogne"]
[Black "SHIVACalypso"]
[Result "1-0"]
[WhiteElo "2304"]
[BlackElo "2454"]
[TimeControl "180+1"]
[EndTime "8:57:55 PST"]
[Termination "cycygogne won by resignation"]

1. Nf3 Nf6 2. b3 g6 3. Bb2 Bg7 4. e3 O-O 5. d4 d5 6. c4 c5 7. Be2 b6 8. O-O Bb7 9. Nc3 Nbd7 10. cxd5 Nxd5 11. Nxd5 Bxd5 12. Rc1 Rc8 13. Qd2 cxd4 14. Nxd4 Nc5 15. Bf3 Bxf3 16. gxf3 Qd7 17. Rfd1 Rfd8 18. Qe2 Qh3 19. b4 Na4 20. Ba1 e5 21.
Nb5 Rxc1 22. Rxc1 a6 23. Nc7 b5 24. Nxa6 Nb6 25. Nc5 Nc4 26. Rd1 Rxd1+ 27. Qxd1 e4 28. Qd8+ Bf8 29. Nd7 Qh6 30. fxe4 Nd6 31. Bf6 Nxe4 32.
Be7 Nd2 33. Nxf8 Nf3+ 34. Kg2 Qxh2+ 35. Kxf3 Qh3+ 36. Ke2 Qg4+ 37. Kd2 Qxb4+ 38. Bxb4 1-0

[Event "Early-Titled-Tuesday-Blitz-January-16-2024"]
[Site "Chess.com"]
[Date "2024.01.16"]
[Round "5"]
[White "toninhojit"]
[Black "ChessBliss09"]
[Result "1-0"]
[WhiteElo "2398"]
[BlackElo "2083"]
[TimeControl "180+1"]
[EndTime "8:57:55 PST"]
[Termination "toninhojit won by checkmate"]

1. e4 e5 2. Nf3 Nc6 3. Bb5 Nf6 4. O-O Nxe4 5. Re1 Nd6 6. Nxe5 Be7 7. Bf1 Nxe5 8.
Rxe5 O-O 9. d4 Bf6 10. Bd3 Bxe5 11. dxe5 Ne8 12. Qh5 g6 13. Qh6 Qe7 14. Bf4 Ng7 15.
Nc3 c6 16. Ne4 Ne8 17. Ng5 f5 18. Bc4+ Kh8 19. Nxh7 Qg7 20. Nxf8+ Qxh6 21. Bxh6 b5 22. Bf7 Ng7 23. Nxg6+ Kh7 24. Bg5 Bb7 25. Re1 Rc8 26. Re3 f4 27. Rh3+ Nh5 28. Bf6 Kh6 29. Nxf4 Rf8 30.
Rxh5# 1-0

[Event "Early-Titled-Tuesday-Blitz-January-16-2024"]
[Site "Chess.com"]
[Date "2024.01.16"]
[Round "5"]
[White "cristiano78"]
[Black "lilylg"]
[Result "1/2-1/2"]
[WhiteElo "2256"]
[BlackElo "2094"]
[TimeControl "180+1"]
[EndTime "8:57:55 PST"]
[Termination "Game drawn - insufficient material"]

1. d4 d5 2. c4 e6 3. Nf3 c6 4. Nc3 Nf6 5. Bg5 Be7 6. e3 O-O 7. Rc1 b6 8. Be2 Bb7 9. O-O Nbd7 10. a3 Rc8 11. b4 Ne4 12. Bxe7 Qxe7 13. Nd2 f5 14. f3 Nxd2 15. Qxd2 Nf6 16. Bd3 Rfd8 17. Rfe1 c5 18. bxc5 bxc5 19. cxd5 Nxd5 20. Nxd5 Bxd5 21. dxc5 Rxc5 22. Qb4 Rdc8 23. Rxc5 Qxc5 24.
Qxc5 Rxc5 25. e4 fxe4 26. Bxe4 Rc3 27. Bxd5 exd5 28. Rd1 Rc5 29. Rd4 Ra5 30. a4 Kf7 31. f4 Kf6 32. g4 h6 33. h4 g5 34. hxg5+ hxg5 35. f5 Ke5 36. Rb4 Ra6 37. Kf2 d4 38. Ke2 Ke4 39. Kd2 Rh6 40. Kc2 Rh2+ 41. Kb3 Ke3 42.
Rb7 d3 43. Rxa7 Rg2 44. f6 Rxg4 45. Re7+ Kd2 46. f7 Rf4 47. Re5 g4 48. Rg5 Kd1 49. Rxg4 Rxf7 50. Rd4 d2 51. a5 Rf3+ 52. Ka4 Kc2 53.
Rxd2+ Kxd2 54. a6 Rf1 55. Kb5 Rb1+ 56. Kc6 Rc1+ 57. Kb7 Rb1+ 58. Kc8 Rc1+ 59. Kb8 Rb1+ 60.
Ka8 Kc3 61. a7 Ra1 62. Kb7 Rxa7+ 63. Kxa7 1/2-1/2

[Event "Early-Titled-Tuesday-Blitz-January-16-2024"]
[Site "Chess.com"]
[Date "2024.01.16"]
[Round "5"]
[White "AlexTruskavetsky"]
[Black "Bauman_Guy"]
[Result "0-1"]
[WhiteElo "2689"]
[BlackElo "2919"]
[TimeControl "180+1"]
[EndTime "8:57:56 PST"]
[Termination "Bauman_Guy won on time"]

1. d4 Nf6 2. c4 e6 3. g3 d5 4. Bg2 dxc4 5. Nf3 Bb4+ 6. Nbd2 b5 7. O-O O-O 8. Ne5 Nd5 9. a4 c6 10.
Qc2 Bb7 11. Ne4 Be7 12. Nc5 Bxc5 13. dxc5 Nd7 14. Nxd7 Qxd7 15. Rd1 Qe7 16. e4 Nb4 17. Qc3 Nd3 18. Be3 Rfe8 19. b3 Nxc5 20. axb5 Nxb3 21. bxc6 Bxc6 22. Qxc4 Nxa1 23. Qxc6 Rac8 24. Qa4 Nc2 25.
Bxa7 Red8 26. Rc1 Ra8 27. Qxc2 Rxa7 28. e5 g6 29. h4 h5 30. Be4 Kg7 31. Kg2 Rad7 32.
Qb3 Rc7 33. Re1 Rc5 34. Bb1 Qc7 0-1

[Event "Early-Titled-Tuesday-Blitz-January-16-2024"]
[Site "Chess.com"]
[Date "2024.01.16"]
[Round "5"]
[White "HajiyevKanan"]
[Black "the_blue_pill"]
[Result "1-0"]
[WhiteElo "2566"]
[BlackElo "2339"]
[TimeControl "180+1"]
[EndTime "8:57:58 PST"]
[Termination "HajiyevKanan won by resignation"]

1. d4 Nf6 2. Nf3 g6 3. g3 Bg7 4. Bg2 O-O 5. O-O c5 6. b3 cxd4 7. Nxd4 Nc6 8. Bb2 Nxd4 9. Bxd4 d6 10. c4 a6 11. Bb2 Rb8 12. Nc3 b5 13. Nd5 bxc4 14.
Bxf6 exf6 15. bxc4 f5 16. Rb1 Be6 17. Qa4 Kh8 18.
Rxb8 Qxb8 19. Qxa6 Qa8 20. Qxd6 Qxa2 21. Nb6 Qxe2 22.
c5 Qb5 23. Bc6 Qb4 24. Bd5 Re8 25. Bxe6 fxe6 26. Qd7 Rb8 27. Qc7 Re8 28. Rd1 Bd4 29. Qd7 Bxf2+ 30. Kxf2 Qxc5+ 31. Qd4+ Qxd4+ 32. Rxd4 Kg7 33. Rd7+ Kh6 34. Nc4 e5 35. Nd6 e4 36. Nxe8 1-0

[Event "Early-Titled-Tuesday-Blitz-January-16-2024"]
[Site "Chess.com"]
[Date "2024.01.16"]
[Round "5"]
[White "FMVolodymyrSakun"]
[Black "deepfear"]
[Result "1-0"]
[WhiteElo "2560"]
[BlackElo "1930"]
[TimeControl "180+1"]
[EndTime "8:57:58 PST"]
[Termination "FMVolodymyrSakun won on time"]

1. e4 c5 2. Nf3 g6 3. d4 cxd4 4.
Nxd4 Bg7 5. Nc3 Nc6 6. Be3 Nf6 7. Be2 O-O 8. f4 Qb6 9. Nxc6 Qxc6 10. Bf3 Qc7 11.
e5 Ne8 12. Nd5 Qd8 13. O-O d6 14. Bd4 e6 15. Ne3 d5 16. c3 Bd7 17. Qb3 Qc7 18.
Rac1 a6 19. Qb4 a5 20. Qc5 Qd8 21. Rfd1 Nc7 22. Qb6 Qb8 23. Bc5 Rc8 24. Bd6 Ra6 25.
Qb3 b5 26. a4 b4 27. c4 Qb7 28. cxd5 1-0